Map: Golden Wall LE

Players

Avoš - Winner!

  • Race: Protoss Protoss
  • League: Silver
  • Spawn Location: 7:00

AsSKing

  • Race: Protoss Protoss
  • League: Gold
  • Spawn Location: 5:00

VOD

Have the link to the VOD?

Description

Time

  • Played on: May 3, 2020, 7:18 a.m.
  • Length: 23:39
Show
View Real Time Build Order
Export as new Build Order

Avoš Protoss - Winner!

Build Orders: Double Forge 

Get SALT Encoding   

  12  0:01  Probe  
  13  0:13  Probe  
  14  0:18  Pylon  
  14  0:25  Probe  
  15  0:37  Probe  
  15  0:40  Gateway  
  17  0:50  Probe  
  17  1:00  Assimilator  
  17  1:02  Probe  
  18  1:23  Pylon  
  18  1:33  Probe  
  19  1:45  Probe  
  20  2:03  Cybernetics Core  
  19  2:13  Probe (Chrono Boost)  
  20  2:19  Pylon  
  20  2:21  Assimilator  
  21  2:23  Probe (Chrono Boost)  
  21  2:47  Stalker (Chrono Boost)  
  21  2:48  Warp Gate (Chrono Boost)  
  23  3:01  Probe  
  24  3:13  Probe  
  25  3:25  Stalker  
  27  3:45  Nexus  
  27  3:47  Probe  
  28  3:48  Assimilator  
  28  3:52  Assimilator  
  28  3:55  Pylon  
  28  3:59  Pylon, Probe  
  29  4:11  Forge, Probe  
  29  4:13  Forge  
  30  4:23  Gateway, Probe  
  31  4:24  Gateway  
  31  4:35  Probe  
  32  4:47  Probe  
  32  4:50  Stalker  
  35  4:57  Protoss Ground Weapons Level 1 (Chrono Boost)  
  35  4:58  Probe, Protoss Ground Armor Level 1 (Chrono Boost)  
  35  4:59  Probe  
  37  5:10  Probe  
  37  5:11  Probe  
  39  5:23  Probe x2  
  39  5:28  Stalker x3  
  47  5:35  Probe  
  47  5:36  Probe  
  41  6:41  Probe x2  
  41  6:46  Stalker x3  
  49  6:53  Probe x2  
  51  7:05  Probe x2  
  51  7:17  Probe x2  
  51  7:29  Probe  
  52  7:31  Protoss Shields Level 1 (Chrono Boost)  
  50  8:03  Stalker x3  
  56  8:11  Twilight Council  
  56  8:22  Nexus  
  56  8:25  Assimilator  
  56  8:29  Probe (Chrono Boost)  
  56  8:30  Assimilator  
  56  8:33  Pylon  
  56  8:34  Probe (Chrono Boost)  
  58  8:36  Pylon  
  58  8:38  Pylon  
  58  8:39  Probe (Chrono Boost)  
  60  8:43  Probe (Chrono Boost)  
  60  8:44  Probe (Chrono Boost)  
  60  8:45  Blink (Chrono Boost)  
  61  8:49  Protoss Ground Weapons Level 2  
  61  8:53  Probe  
  62  9:08  Zealot  
  62  9:09  Zealot x2  
  68  9:24  Pylon  
  68  9:26  Pylon  
  68  9:30  Pylon  
  65  9:42  Stalker x3  
  68  10:06  Stalker x3  
  71  10:32  Stalker x3  
  77  10:39  Charge  
  77  10:54  Probe x3  
  80  10:59  Protoss Ground Armor Level 2 (Chrono Boost)  
  80  11:06  Stalker x3, Probe  
  87  11:13  Protoss Shields Level 2 (Chrono Boost)  
  87  11:35  Protoss Air Weapons Level 1  
  65  11:51  Probe x3  
  65  11:53  Stalker x3  
  58  12:02  Pylon  
  58  12:03  Probe x3  
  61  12:10  Gateway  
  61  12:11  Gateway  
  61  12:14  Gateway x2  
  61  12:15  Probe x3  
  64  12:19  Gateway  
  64  12:27  Probe x3  
  67  12:39  Probe  
  68  12:51  Photon Cannon  
  68  12:53  Photon Cannon  
  68  12:56  Photon Cannon  
  68  13:05  Stalker  
  68  13:06  Stalker x2  
  68  13:07  Stalker x2  
  68  13:08  Stalker x2  
  82  13:23  Robotics Facility  
  82  13:25  Robotics Facility  
  82  13:33  Stargate  
  82  13:36  Probe x3  
  82  13:38  Stargate  
  85  13:41  Zealot x3  
  85  13:42  Zealot x4  
  85  13:43  Zealot, Protoss Air Armor Level 1  
  85  13:45  Stargate  
  102  13:48  Probe x3  
  102  13:49  Stargate  
  104  14:10  Immortal  
  104  14:12  Immortal  
  112  14:18  Zealot  
  112  14:19  Zealot x4  
  112  14:20  Zealot x2  
  112  14:21  Zealot  
  128  14:35  Pylon  
  128  14:38  Pylon  
  128  14:41  Pylon  
  128  14:45  Void Ray  
  128  14:46  Pylon  
  128  14:49  Pylon  
  132  14:53  Void Ray x2  
  132  14:55  Void Ray  
  132  14:56  Immortal  
  132  14:59  Immortal  
  152  15:07  Fleet Beacon  
  152  15:11  Probe x2  
  152  15:12  Probe  
  155  15:22  Templar Archives  
  155  15:23  Probe  
  155  15:24  Probe x2  
  158  15:28  Void Ray  
  163  15:35  Observer, Void Ray x2  
  163  15:38  Observer  
  163  15:40  Nexus  
  172  15:43  Assimilator  
  172  15:44  Assimilator  
  172  15:46  Probe  
  172  15:48  Pylon  
  173  15:50  Pylon  
  173  15:53  Pylon  
  173  15:55  Pylon  
  173  16:06  Immortal, Probe x3  
  173  16:08  Void Ray, Immortal  
  188  16:18  Probe x3  
  188  16:24  High Templar  
  188  16:25  High Templar x3  
  199  16:31  Archon x2  
  179  17:47  Probe x3  
  174  17:55  Void Ray (Chrono Boost)  
  174  17:56  Void Ray x3 (Chrono Boost)  
  190  17:59  Probe  
  191  18:30  Void Ray x2 (Chrono Boost)  
  140  20:12  Stalker  
  140  20:13  Stalker x4  
  140  20:14  Stalker x3  
  111  20:45  Stalker x5  
  111  20:46  Stalker x3  
  127  20:54  Void Ray  
  125  21:09  Stalker  
  125  21:10  Stalker x3  
  125  21:11  Stalker x2  
  106  21:34  Stalker  
  106  21:36  Void Ray  
  88  22:19  Void Ray  
  92  22:37  Probe  
  93  22:49  Probe  
  94  22:51  Zealot  
  94  22:52  Zealot x3  
  102  23:02  Probe  
  103  23:14  Probe  
  104  23:26  Probe  
Show
View Real Time Build Order
Export as new Build Order

AsSKing Protoss 

Build Orders:  

Get SALT Encoding   

  12  0:01  Probe  
  13  0:13  Probe  
  14  0:20  Pylon  
  14  0:25  Probe  
  15  0:34  Assimilator  
  15  0:38  Probe (Chrono Boost)  
  16  0:47  Probe (Chrono Boost)  
  17  0:52  Pylon, Probe (Chrono Boost)  
  18  1:05  Probe (Chrono Boost)  
  18  1:09  Assimilator  
  19  1:28  Probe  
  20  1:37  Gateway  
  20  2:02  Probe  
  20  2:03  Nexus  
  21  2:14  Probe  
  22  2:16  Forge  
  22  2:34  Probe (Chrono Boost)  
  22  2:35  Pylon  
  23  2:38  Pylon  
  24  2:44  Probe (Chrono Boost)  
  24  2:45  Assimilator  
  24  2:50  Assimilator  
  24  2:53  Cybernetics Core, Probe  
  25  3:05  Probe (Chrono Boost)  
  26  3:17  Probe (Chrono Boost)  
  26  3:18  Probe (Chrono Boost)  
  26  3:19  Zealot  
  30  3:23  Protoss Ground Weapons Level 1  
  30  3:26  Probe (Chrono Boost)  
  31  3:37  Pylon  
  31  3:38  Probe x2  
  31  3:39  Pylon  
  33  3:47  Zealot  
  35  3:50  Probe x2  
  37  4:02  Probe  
  38  4:03  Probe  
  39  4:11  Stargate  
  39  4:13  Pylon  
  39  4:18  Pylon  
  39  4:20  Probe (Chrono Boost)  
  39  4:22  Probe (Chrono Boost)  
  41  4:31  Probe x2 (Chrono Boost)  
  43  4:33  Stalker  
  45  4:39  Warp Gate  
  45  4:55  Photon Cannon  
  45  4:59  Photon Cannon  
  45  5:01  Probe x2  
  45  5:03  Zealot  
  49  5:14  Probe x2  
  51  5:26  Probe  
  52  5:30  Zealot  
  48  5:57  Stalker  
  48  6:22  Void Ray  
  48  6:25  Probe x2  
  54  6:27  Stalker  
  56  6:34  Protoss Air Weapons Level 1  
  50  7:00  Photon Cannon  
  52  7:01  Photon Cannon  
  49  7:36  Void Ray  
  53  7:47  Stargate  
  53  7:48  Stargate  
  53  8:05  Nexus  
  53  8:18  Pylon  
  53  8:21  Void Ray, Pylon  
  57  8:28  Stalker  
  57  8:32  Void Ray  
  61  8:47  Pylon  
  61  8:48  Pylon  
  61  8:58  Zealot  
  61  9:02  Probe (Chrono Boost)  
  65  9:03  Probe (Chrono Boost)  
  65  9:13  Probe x2 (Chrono Boost)  
  67  9:17  Probe x2 (Chrono Boost)  
  69  9:25  Stalker  
  69  9:28  Probe  
  72  9:55  Stalker  
  66  10:25  Stalker  
  64  10:32  Void Ray x2  
  72  10:39  Void Ray  
  76  10:55  Stalker  
  76  10:56  Protoss Ground Armor Level 1  
  78  10:57  Gateway  
  78  10:59  Gateway x2  
  78  11:00  Gateway  
  78  11:02  Probe x2 (Chrono Boost)  
  78  11:03  Probe (Chrono Boost)  
  81  11:14  Probe x3 (Chrono Boost)  
  84  11:25  Stalker  
  86  11:32  Assimilator  
  86  11:34  Assimilator  
  86  11:37  Robotics Facility  
  86  11:38  Robotics Facility  
  86  11:41  Robotics Facility  
  84  11:55  Stalker  
  86  12:09  Probe (Chrono Boost)  
  86  12:10  Shield Battery  
  86  12:12  Void Ray x2  
  86  12:13  Void Ray, Probe (Chrono Boost)  
  86  12:14  Probe (Chrono Boost)  
  101  12:19  Probe (Chrono Boost)  
  103  12:22  Probe (Chrono Boost)  
  103  12:25  Stalker  
  103  12:29  Stalker  
  107  12:39  Stalker x2  
  107  12:40  Stalker  
  113  12:51  Probe  
  113  12:52  Probe x2  
  113  12:55  Stalker, Void Ray  
  122  13:03  Probe  
  123  13:07  Nexus  
  123  13:18  Nexus  
  123  13:22  Assimilator  
  123  13:23  Pylon  
  123  13:25  Stalker  
  123  13:26  Assimilator  
  125  13:27  Pylon  
  125  13:34  Pylon x2  
  125  13:38  Pylon x2  
  125  13:39  Pylon  
  125  13:40  Pylon  
  125  13:41  Void Ray x2, Pylon  
  133  13:42  Pylon  
  133  13:43  Pylon  
  133  13:45  Oracle, Pylon  
  136  13:52  Stargate  
  136  13:54  Stargate  
  136  13:55  Stalker  
  138  13:56  Stargate  
  138  14:06  Robotics Bay  
  138  14:09  Immortal  
  146  14:10  Immortal x2  
  150  14:20  Void Ray  
  150  14:24  Oracle  
  157  14:25  Stalker (Chrono Boost)  
  159  14:34  Shield Battery  
  159  14:37  Probe  
  159  14:38  Probe x4  
  164  14:48  Warp Prism (Chrono Boost)  
  164  14:49  Observer (Chrono Boost), Void Ray, Probe  
  164  14:50  Observer (Chrono Boost), Probe x3  
  172  14:56  Void Ray  
  176  15:00  Void Ray  
  176  15:01  Assimilator  
  176  15:03  Assimilator  
  184  15:07  Colossus x2 (Chrono Boost)  
  184  15:13  Probe x4  
  200  16:04  Stargate x2  
  200  16:49  Pylon  
  200  16:56  Pylon  
  200  16:57  Pylon  
  199  17:08  Pylon  
  184  17:59  Zealot  
  184  18:02  Void Ray  
  184  18:03  Void Ray x2  
  198  18:33  Gateway  
  198  18:35  Gateway  
  198  18:37  Gateway  
  198  18:39  Fleet Beacon  
  198  18:40  Fleet Beacon  
  198  18:48  Twilight Council  
  198  18:50  Robotics Bay  
  198  19:08  Zealot  
  148  20:41  Pylon  
  144  20:43  Pylon  
  144  20:44  Pylon  
  144  20:45  Pylon  
  86  21:56  Void Ray  
  72  22:09  Pylon  
  72  22:11  Pylon x2  
  72  22:13  Pylon x2  
  72  22:17  Pylon  
  72  22:22  Pylon  
  72  22:23  Pylon  
  72  22:25  Pylon  
  72  22:38  Pylon  
  72  22:41  Pylon  
  76  22:50  Stalker  
  76  22:51  Stalker x4  
  84  22:52  Stalker  
  84  22:55  Void Ray x2  
  87  23:17  Stalker x3  
Tags
 
Matchup
PvP
Spawn Locations
Close Positions
Add a new tag
Caveats
  • Supply blocks, unpowered buildings, or Contaminate may cause inaccurate times.
  • Supply counts are checked every 10 seconds.